 Dungeon Crawl Stone Soup version 0.28-a0-751-gef3a642a4e (webtiles) character file.

Game seed: 5710545381405242837

1379 avis the Martial Artist (level 8, -6/58 HPs)
             Began as a Djinni Warper on Oct 30, 2021.
             Mangled by a wyvern (12 damage)
             ... on level 4 of the Dungeon.
             The game lasted 00:39:45 (5127 turns).

avis the Martial Artist (Djinni Warper)             Turns: 5127, Time: 00:39:46

Health: -6/58      AC:  6    Str: 10    XL:     8   Next: 99%
Gold:   221        EV: 13    Int: 16    God:
                   SH:  0    Dex: 14

rFire   + + .      SeeInvis .     - Unarmed
rCold   x . .      Faith    .   (no shield)
rNeg    + . .      Spirit   .   q - +0 troll leather armour {Pargi}
rPois   ∞          Reflect  .   f - +0 helmet
rElec   .          Harm     .   (no cloak)
rCorr   +          Rampage  .   e - +0 pair of gloves
Will    .....                   (boots unavailable)
Stlth   +.........              (no amulet)
HPRegen 1.19/turn               C - ring of resist corrosion
MPRegen 0.00/turn               F - ring of positive energy

@: flying
A: sickness immunity, fire resistance 2, cold vulnerability 1, float, innate
caster, hp casting, extra vitality 1
a: no special abilities


You were on level 4 of the Dungeon.
You visited 1 branch of the dungeon, and saw 5 of its levels.

You collected 221 gold pieces.

Inventory:

Hand Weapons
 v - a +1 halberd of protection
 B - a +0 short sword of draining
Missiles
 c - 5 boomerangs of dispersal (quivered)
 i - 40 stones
 l - 60 arrows
 w - 8 sling bullets
 A - 2 boomerangs
Armour
 a - a +0 leather armour
 e - a +0 pair of gloves (worn)
 f - a +0 helmet (worn)
 h - a +1 chain mail of poison resistance
 k - quicksilver dragon scales
 q - a +0 troll leather armour (worn) {Pargi}
 z - +0 swamp dragon scales
Magical Staves
 y - a staff of earth
Jewellery
 C - a ring of resist corrosion (left hand)
 F - a ring of positive energy (right hand)
Wands
 b - a wand of iceblast (8)
 j - a wand of paralysis (4)
Scrolls
 g - 4 scrolls of identify
 p - 2 scrolls of amnesia {unknown}
 r - a scroll of noise {unknown}
 t - a scroll of vulnerability {unknown}
 E - a scroll of teleportation {unknown}
Potions
 d - a potion of degeneration
 m - 2 potions of heal wounds {unknown}
 o - a potion of might
 s - 2 potions of lignification {unknown}
 u - a potion of mutation {unknown}
 x - 3 potions of haste {unknown}
 D - a potion of brilliance {unknown}


   Skills:
 - Level 4.0 Fighting
 - Level 0.7 Throwing
 - Level 1.0 Armour
 - Level 5.0 Dodging
 * Level 8.7 Unarmed Combat
 - Level 3.0 Spellcasting


You couldn't memorise any spells.
You knew the following spells:

 Your Spells              Type           Power      Damage    Failure   Level
a - Sandblast             Erth           24%        2d8       8%          1
b - Blink                 Tloc           24%        N/A       11%         2
c - Scorch                Fire           24%        2d6       11%         2
d - Corpse Rot            Necr/Air       24%        N/A       11%         2
g - Gell's Gravitas       Tloc           6%         N/A       22%         3
k - Lesser Beckoning      Tloc           12%        N/A       22%         3
o - Teleport Other        Tloc           12%        N/A       22%         3
M - Manifold Assault      Tloc           12%        N/A       90%         5
Your spell library was empty.

Dungeon Overview and Level Annotations

Branches:
Dungeon (5/15)
 Temple: D:4-7

Altars:
Ashenzari
The Shining One


Innate Abilities, Weirdness & Mutations

You are immune to sickness and miasma.
You are immune to poison.
Your flesh is very heat resistant. (rF++)
You are vulnerable to cold. (rC-)
You float through the air rather than walking.
You learn spells naturally, not from books.
Your magical power is your life essence.
You have superior vitality. (+4 HP)


Message History

Nothing appears to happen.
The wyvern bites you.
Casting: Blink (safe; 11% risk of failure)
Confirm with . or Enter, or press ? or * to list all spells.
You blink.
The wyvern bites you!
* * * LOW HITPOINT WARNING * * *
The wyvern bites you but does no damage.
You feel stable enough to blink again.
Casting: Blink (safe; 11% risk of failure)
Confirm with . or Enter, or press ? or * to list all spells.
You miscast Blink.
Nothing appears to happen.
* * * LOW HITPOINT WARNING * * *
The wyvern bites you but does no damage.
The wyvern barely misses you.
Casting: Blink (safe; 11% risk of failure)
Confirm with . or Enter, or press ? or * to list all spells.
You blink.
* * * LOW HITPOINT WARNING * * *
The wyvern hisses menacingly.
The wyvern hisses menacingly.
The wyvern barely misses you.
You feel stable enough to blink again. The wyvern barely misses you.
The wyvern hisses menacingly.
The wyvern barely misses you.
Your magical contamination has completely faded away.
The wyvern bites you!
* * * LOW HITPOINT WARNING * * *
The wyvern bites you!
* * * LOW HITPOINT WARNING * * *
Casting: Blink (safe; 11% risk of failure)
Confirm with . or Enter, or press ? or * to list all spells.
You blink.
* * * LOW HITPOINT WARNING * * *
Okay, then.
The wyvern bites you.
* * * LOW HITPOINT WARNING * * *
You feel stable enough to blink again. The wyvern bites you!
You die...

........##.l####.#..##.#........)
.......###[..#......#........####
................)....:..........#
.......<.......).#.#............#
.................#..........#....
.....).##...................#..##
....[............##.........##...
.....#.......##...#.........#...#
.....##.#...##..@.#.........##..#
...#.......####..l.......#.......
...#........##..##.###..###.....#
...#.......##..###.# ##..##...[##
.....)...........).# ##.......###
...............##..###.........#.
.................................
.....#...#.......................
...###.###...##..###.#...........


You could see a wyvern.

Vanquished Creatures
  A water moccasin (D:4)
  Pargi (D:3)
  A black bear (D:3)
  An orc warrior (D:4)
  An ice beast (D:4)
  2 sky beasts
  2 phantoms (D:4)
  A scorpion (D:5)
  A wight (D:3)
  A jelly (D:4)
  2 hounds
  A centaur skeleton (D:5)
  An orc priest (D:5)
  Jessica (D:3)
  Ijyb (D:4)
  An iguana (D:5)
  An orc wizard (D:4)
  A howler monkey zombie (D:5)
  5 gnolls (D:4)
  5 adders
  An adder skeleton (D:4)
  5 worms
  4 dart slugs
  8 orcs
  6 endoplasms
  4 giant cockroaches
  5 goblins
  8 hobgoblins
  2 jackals (D:2)
  3 quokkas
  7 ball pythons
  6 bats
  4 frilled lizards
  11 kobolds
  12 rats
117 creatures vanquished.

Notes
Turn   | Place    | Note
-------+----------+-------------------------------------------
     0 | D:1      | avis the Djinni Warper began the quest for the Orb.
     0 | D:1      | Reached XP level 1. HP: 18/18 MP: 0/0
    96 | D:1      | Reached XP level 2. HP: 16/23 MP: 0/0
   208 | D:1      | Found a faded altar of an unknown god.
   367 | D:1      | Reached skill level 3 in Unarmed Combat
   411 | D:1      | You are sucked into a shaft and drop 1 floor!
   567 | D:2      | Reached XP level 3. HP: 26/28 MP: 0/0
   567 | D:2      | Learned a level 1 spell: Sandblast
  1529 | D:3      | Reached skill level 4 in Unarmed Combat
  1529 | D:3      | Reached XP level 4. HP: 33/33 MP: 0/0
  1574 | D:3      | Noticed Pargi
  1609 | D:3      | Noticed Ijyb
  2264 | D:3      | Noticed Jessica
  2269 | D:3      | Killed Jessica
  2270 | D:3      | Reached XP level 5. HP: 36/38 MP: 0/0
  2270 | D:3      | Learned a level 2 spell: Scorch
  2497 | D:4      | Reached skill level 5 in Unarmed Combat
  2533 | D:4      | Killed Ijyb
  2534 | D:4      | Reached XP level 6. HP: 19/43 MP: 0/0
  2773 | D:4      | Noticed a black bear
  3023 | D:3      | Killed Pargi
  3024 | D:3      | Reached skill level 6 in Unarmed Combat
  3510 | D:4      | Reached XP level 7. HP: 45/49 MP: 0/0
  3510 | D:4      | Learned a level 2 spell: Corpse Rot
  3692 | D:3      | Reached skill level 7 in Unarmed Combat
  4141 | D:4      | Reached XP level 8. HP: 8/56 MP: 0/0
  4368 | D:4      | Found a broken altar of Ashenzari.
  4368 | D:4      | Found a glowing golden altar of the Shining One.
  4399 | D:5      | Entered Level 5 of the Dungeon
  4510 | D:4      | Reached skill level 8 in Unarmed Combat
  4605 | D:5      | Reached skill level 5 in Dodging
  4962 | D:5      | Noticed a wyvern
  5044 | D:4      | HP: 2/58 [wyvern (14)]
  5127 | D:4      | Mangled by a wyvern

Illustrated notes

Levels and vault maps discovered:
D:1:      evilmike_arrival_fibonacci_small, layout_rooms,
          dreamdust_ecumenical_altar_statues, serial_rivers,
          chequers_serial_rivers_small_a, chequers_serial_rivers_small_a,
          chequers_serial_rivers_large_a, chequers_serial_rivers_small_b,
          chequers_serial_rivers_marsh
D:2:      minmay_evil_eye, layout_rooms, minmay_surrounded
D:3:      minmay_wonky_spiral, layout_basic, cheibrodos_sewer_entry_drain,
          uniq_ijyb, uniq_pargi, uniq_jessica
D:4:      cheibrodos_barr_body, layout_cave_pools,
          gammafunk_temple_overflow_statue, serial_column_ruins,
          column_ruins_hut_ruined, column_ruins_open_small,
          column_ruins_open_tiny, column_ruins_open_tiny,
          column_ruins_open_tiny, column_ruins_corridor_corner,
          column_ruins_open_tiny, column_ruins_grid_4
D:5:      layout_cave_pools, zin_scriptorium, kennysheep_pointless_box,
          corexii_item_surrounded_by_moat

Skill      XL: |  1  2  3  4  5  6  7  8 |
---------------+-------------------------+-----
Unarmed Combat | 3 4 5 6 7 8 |  8.7
Spellcasting   | 3 |  3.0
Dodging        | 4 5 |  5.0
Fighting       | 3 4 |  4.0
Throwing       | |  0.7
Armour         | |  1.0

Action                   |  1- 3 |  4- 6 |  7- 9 || total
-------------------------+-------+-------+-------++-------
Melee: Unarmed           |   159 |    89 |       ||   248
       Punch             |     2 |       |       ||     2
 Cast: Scorch            |       |    29 |   116 ||   145
       Sandblast         |       |    11 |     4 ||    15
       Blink             |       |       |    23 ||    23
  Use: Scroll            |     6 |     2 |       ||     8
       Potion            |       |       |     2 ||     2
Armor: Leather armour    |    15 |     7 |       ||    22
       Quicksilver drago |    47 |    55 |       ||   102
       Troll leather arm |       |       |    39 ||    39
Dodge: Dodged            |    79 |    77 |   102 ||   258

Table legend: (Time is in decaauts)
 A = Elapsed time spent in this place.
 B = Non-inter-level travel time spent in this place.
 C = Inter-level travel time spent in this place.
 D = Time resting spent in this place.
 E = Time spent auto-exploring this place.
 F = Levels seen in this place.
 G = Mean time per level.
                   A        B        C        D        E       F      G
               +--------+--------+--------+--------+--------+-----+--------+
         Total |   5130 |   4901 |    229 |   1069 |   2144 |   5 | 1026.0 |
       Dungeon |   5130 |   4901 |    229 |   1069 |   2144 |   5 | 1026.0 |
               +--------+--------+--------+--------+--------+-----+--------+

Top non-repeatable levels by time:
     D:3: 1734 daAuts
     D:4: 1423 daAuts
     D:1: 874 daAuts
     D:2: 683 daAuts
     D:5: 413 daAuts
